AoeStats
← NoWallingPlz

Lombardia

509489374Analyzed
4v4 RM · 6d ago on Sep 26, 2026· 12m 16s· 8 players
Game mode
Random Map
Map size
Large (8 player)
Population
200
Speed
Normal
Resources
Standard
Victory
Conquest
Starting age
Dark Age
Ending age
Imperial Age
RankedLock teamsTeams togetherTeam positionsShared explorationLock speedFull tech treeHidden civsTurbo modeCheats
Victory
Defeat
🇪🇸 Spanish · Spain
1935
+3
🇺🇸 Saxons · United States
1710
+7
🇧🇷 Japanese · Brazil
1706
+8
🇧🇷 Varangians · Brazil
1502
+15
🇩🇪 Chinese · Germany
1567
-10
🇺🇸 Danes · United States
1538
-9
🇺🇸 Franks · United States
1495
-7
🇨🇳 Magyars · China
1481
-7
Sung Jinwoo
4:37 Loom
9:14 Feudal Age
9:46 Double-Bit Axe
10:48 Horse Collar
NoWallingPlz
7:59 Loom
10:03 Feudal Age
14:39 Castle Age
Moneimon
10:28 Feudal Age
14:09 Castle Age
12:14 Horse Collar
SeiyaPegasus
10:23 Feudal Age
14:34 Castle Age
Deadbeat Dan
8:35 Loom
10:56 Feudal Age
mu hehe
6:42 Loom
8:48 Feudal Age
9:43 Double-Bit Axe
stroemming14
0:31 Loom
11:41 Feudal Age
慎独
5:44 Loom
5:50 Loom
6:21 Loom
9:00 Feudal Age
9:48 Double-Bit Axe
10:58 Horse Collar
Connection lost

Rejoining the realm…

Still unreachable

The connection could not be restored.

Session expired

The server has moved on; the page needs a fresh start.